 Dungeon Crawl Stone Soup version 0.28-a0-1613-gdaab1c2f9b (webtiles) character file.

Game seed: 14006613643398648624

254 YayAnonymity the Firebug (level 6, 0/45 HPs)
             Began as a Hill Orc Fire Elementalist on Jan 21, 2022.
             Slain by an adder (4 damage)
             ... on level 4 of the Dungeon.
             The game lasted 00:14:05 (3563 turns).

YayAnonymity the Firebug (HOFE)                     Turns: 3563, Time: 00:14:05

Health: 0/45       AC:  7    Str: 11    XL:     6   Next: 15%
Magic:  5/8        EV: 11    Int: 17    God:
Gold:   87         SH:  0    Dex: 11    Spells: 5/8 levels left

rFire   . . .      SeeInvis .   a - +2 dagger (venom)
rCold   . . .      Faith    .   (no shield)
rNeg    . . .      Spirit   .   v - +3 leather armour
rPois   .          Reflect  .   (no helmet)
rElec   .          Harm     .   d - +0 cloak
rCorr   .          Rampage  .   (no gloves)
Will    .....                   (no boots)
Stlth   +.........              (no amulet)
HPRegen 0.15/turn               (no ring)
MPRegen 0.11/turn               (no ring)

@: no status effects
A: no striking features
a: no special abilities


You were on level 4 of the Dungeon.
You visited 1 branch of the dungeon, and saw 4 of its levels.

You collected 87 gold pieces.

Inventory:

Hand Weapons
 a - a +2 dagger of venom (weapon)
 b - the +3 hunting sling "Ocsuclia" {freeze, Fly rF+ Str+2 Dex+3}
   (You found it on level 3 of the Dungeon)

   Any ammunition fired from it freezes those it strikes, dealing additional
   cold damage.
   It can also slow down cold-blooded creatures.
   Str:       It affects your strength (+2).
   Dex:       It affects your dexterity (+3).
   rF:        It protects you from fire.
   Fly:       It grants you flight.
Missiles
 g - 5 poisoned darts
 j - 83 stones (quivered)
Armour
 d - a +0 cloak (worn)
 r - a +0 robe of fire resistance
 v - a +3 leather armour (worn)
Jewellery
 n - a ring of fire
Scrolls
 l - a scroll of enchant weapon
 s - a scroll of magic mapping
 u - a scroll of immolation
Potions
 c - a potion of brilliance
 f - 3 potions of curing
 h - a potion of flight
 i - a potion of mutation
 k - a potion of resistance
 o - a potion of berserk rage
 t - a potion of magic


   Skills:
 + Level 0.4 Slings
 + Level 0.5 Armour
 - Level 1.5 Dodging
 - Level 1.5 Stealth
 + Level 1.7 Spellcasting
 * Level 1.5 Conjurations
 - Level 7.0 Fire Magic


You had 5 spell levels left.
You knew the following spells:

 Your Spells              Type           Power      Damage    Failure   Level
a - Foxfire               Conj/Fire      60%        2x1d7     4%          1
b - Scorch                Fire           50%        2d7       2%          2

Your spell library contained the following spells:

 Spells                   Type           Power      Damage    Failure   Level
 Conjure Flame            Conj/Fire      15%        6-21      14%         3
 Inner Flame              Hex/Fire       13%        N/A       19%         3
 Flame Wave               Conj/Fire      15%        2d6       41%         4
 Frozen Ramparts          Ice            2%         1d2       61%         3
 Ice Form                 Ice/Tmut       1%         N/A       95%         4
 Summon Ice Beast         Ice/Summ       1%         N/A       95%         4


Dungeon Overview and Level Annotations

Branches:
Dungeon (4/15)
 Temple: D:4-7

Altars:
Cheibriados

Annotations:
D:3 2 transporters


Message History

You kill the orc wizard!
You're too confused to move!
The orc hits you with a +1 falchion of electrocution.
The orc wizard gestures at you while chanting.
The magic dart hits you but does no damage.
You bump into the rock wall.
You feel less confused. The orc hits you but does no damage.
The orc wizard barely misses you.
You hit the orc but do no damage.
The orc is poisoned.
The orc completely misses you.
The orc wizard hits you but does no damage.
You completely miss the orc.
The orc is moderately wounded.
The orc hits you with a +1 falchion of electrocution.
You are electrocuted!!
* * * LOW HITPOINT WARNING * * *
The orc wizard hits you but does no damage.
As you read the scroll of fear, it crumbles to dust.
You assume a fearsome visage.
The adder looks frightened!
The orc looks frightened!
The orc wizard looks frightened!
The orc looks frightened!
The endoplasm looks frightened!
Cornered, the adder turns to fight!
The orc wizard mumbles some strange words.
The orc wizard flickers and vanishes!
Deactivating autopickup; reactivate with Ctrl-A.
You hit the orc.
You kill the orc!
The adder closely misses you.
You hit the adder.
The adder is poisoned.
The adder is moderately wounded.
The adder bites you.
* * * LOW HITPOINT WARNING * * *
The endoplasm jiggles.
You closely miss the adder.
The adder is heavily wounded.
The adder barely misses you.
You miss the adder.
The adder is severely wounded.
The adder bites you.
You die...

≈≈. .≈. [≈
#. .######
##......#
#<#
########J#
#@S....o.#
#)######.#
#.# P.♣
#.# P≈≈
#{# ♣♣≈♣♣
#.# ♣J♣
#.♣ .≈≈
#.≈ ≈≈


You could see an adder (very poisoned), an orc (fleeing) and an endoplasm
(fleeing).

Vanquished Creatures
  A centaur (D:4)
  A centaur skeleton (D:4)
  A hound (D:4)
  An orc wizard (D:4)
  2 adders
  2 worms
  An orc (D:4)
  4 ball pythons
  4 endoplasms
  5 giant cockroaches
  4 goblins
  9 hobgoblins
  3 jackals (D:4)
  4 quokkas
  6 bats
  7 frilled lizards
  A jackal skeleton (D:4)
  7 kobolds
  2 rats
65 creatures vanquished.

Vanquished Creatures (collateral kills)
  6 foxfires (D:4)
6 creatures vanquished.

Vanquished Creatures (others)
  140 foxfires
  7 plants (D:4)
147 creatures vanquished.

Grand Total: 218 creatures vanquished

Notes
Turn   | Place    | Note
-------+----------+-------------------------------------------
     0 | D:1      | YayAnonymity the Hill Orc Fire Elementalist began the quest
                  | for the Orb.
     0 | D:1      | Reached XP level 1. HP: 14/14 MP: 3/3
   164 | D:1      | Reached XP level 2. HP: 20/20 MP: 2/4
   177 | D:1      | Reached skill level 4 in Fire Magic
  1168 | D:2      | Learned a level 2 spell: Scorch
  1176 | D:2      | Reached XP level 3. HP: 25/26 MP: 1/5
  1569 | D:2      | Reached skill level 5 in Fire Magic
  2086 | D:3      | Found a transporter.
  2118 | D:3      | Reached XP level 4. HP: 33/33 MP: 4/6
  2126 | D:3      | Noticed an ogre
  2294 | D:3      | Found a faded altar of an unknown god.
  2485 | D:3      | Found a transporter.
  2822 | D:3      | Identified the +3 hunting sling "Ocsuclia" {freeze, Fly rF+
                  | Str+2 Dex+3}
  3072 | D:4      | Noticed a centaur
  3079 | D:4      | Killed a centaur
  3080 | D:4      | Reached skill level 6 in Fire Magic
  3080 | D:4      | Reached XP level 5. HP: 16/38 MP: 2/7
  3269 | D:4      | Reached skill level 7 in Fire Magic
  3283 | D:4      | Reached XP level 6. HP: 41/45 MP: 4/8
  3518 | D:4      | Found a snail-covered altar of Cheibriados.
  3563 | D:4      | Slain by an adder

Illustrated notes

Levels and vault maps discovered:
D:1:      lemuel_arrival_room, layout_basic, hex_medium
D:2:      layout_rooms, lemuel_another_geyser
D:3:      gammafunk_steamed_eel, layout_basic, hellmonk_ecumenical_altar_zigzags
D:4:      layout_basic, mainiacjoe_overflow_paths, serial_bayou,
          serial_bayou_crossing, serial_bayou_lake_a, serial_bayou_pond_e,
          serial_bayou_pond_b, nicolae_wormholes, uniq_sigmund

Skill      XL: |  1  2  3  4  5 |
---------------+----------------+-----
Fire Magic     | 4 5 6 7 |  7.0
Slings         | |  0.4
Armour         | |  0.5
Dodging        | |  1.5
Stealth        | |  1.5
Spellcasting   | |  1.7
Conjurations   | |  1.5

Action                   |  1- 3 |  4- 6 || total
-------------------------+-------+-------++-------
Melee: Short sword       |     4 |       ||     4
       Dagger            |     9 |    34 ||    43
 Cast: Foxfire           |    55 |    35 ||    90
       Scorch            |     2 |     1 ||     3
  Use: Scroll            |       |    12 ||    12
Armor: Robe              |    17 |       ||    17
       Leather armour    |       |    33 ||    33
Dodge: Dodged            |    26 |    29 ||    55

Table legend: (Time is in decaauts)
 A = Elapsed time spent in this place.
 B = Non-inter-level travel time spent in this place.
 C = Inter-level travel time spent in this place.
 D = Time resting spent in this place.
 E = Time spent auto-exploring this place.
 F = Levels seen in this place.
 G = Mean time per level.
                   A        B        C        D        E       F      G
               +--------+--------+--------+--------+--------+-----+--------+
         Total |   3590 |   3195 |    395 |    504 |   1181 |   4 |  897.5 |
       Dungeon |   3590 |   3195 |    395 |    504 |   1181 |   4 |  897.5 |
               +--------+--------+--------+--------+--------+-----+--------+

Top non-repeatable levels by time:
     D:1: 1329 daAuts
     D:3: 1105 daAuts
     D:2: 850 daAuts
     D:4: 304 daAuts
